 Dungeon Crawl Stone Soup version 0.31-a0-692-gf03d1854d5 (webtiles) character file.

Game seed: 17834017583884944877

500 qw the Shooter (level 7, -4/44 HPs)
             Began as a Gargoyle Hunter on Sept 6, 2023.
             Slain by an ogre
             ... wielding a +0 giant club
              (15 damage)
             ... on level 4 of the Dungeon.
             The game lasted 00:01:18 (3355 turns).

qw the Shooter (Gargoyle Hunter)                    Turns: 3355, Time: 00:01:19

Health: -4/44      AC:  9    Str: 12    XL:     7   Next: 16%
Magic:  7/7        EV: 10    Int: 10    God:
Gold:   212        SH:  0    Dex: 15    Spells: 6/6 levels left

rFire   . . .        Y - +0 shortbow
rCold   . . .        (shield currently unavailable)
rNeg    + . .        f - +0 ring mail
rPois   inf          a - +0 helmet
rElec   +            (no cloak)
rCorr   .            (no gloves)
SInv    .            j - +0 pair of boots
Will    .....        (no amulet)
Stlth   +            (no ring)
HPRegen 0.27/turn    (no ring)
MPRegen 0.10/turn

%: no passive effects
@: no status effects
A: sickness immunity, AC +4, negative energy resistance 1, electricity
resistance, torment resistance 1, petrification resistance, deformed body, weak
1
a: no special abilities


You were on level 4 of the Dungeon.
You visited 1 branch of the dungeon, and saw 4 of its levels.

You collected 212 gold pieces.


Innate Abilities, Weirdness & Mutations

You are immune to sickness and miasma.
Your stone body is resilient. (AC +4)
You are immune to poison.
You resist negative energy. (rN+)
You are resistant to electric shocks. (rElec)
You are resistant to unholy torment.
You are immune to petrification.
Armour fits poorly on your strangely shaped body.
You are weak. (Str -2)


   Skills:
 - Level 5.6 Fighting
 + Level 6.7 Ranged Weapons
 - Level 1.0 Armour
 - Level 1.5 Dodging
 - Level 1.1 Stealth


You had 6 spell levels left.
You didn't know any spells.
Your spell library was empty.

Inventory:

Hand Weapons
 Y - a +0 shortbow (weapon)
Armour
 a - a +0 helmet (worn)
 c - a +0 pair of boots of stealth
 f - a +0 ring mail (worn)
 j - a +0 pair of boots (worn)
 m - a +0 cloak
Scrolls
 i - a scroll of immolation {unknown}
 n - a scroll of silence {unknown}
 o - 3 scrolls of identify {unknown}
Potions
 b - a potion of invisibility {unknown}
 d - a potion of enlightenment {unknown}
 e - a potion of magic {unknown}
 g - a potion of degeneration {unknown}
 h - a potion of mutation
 k - a potion of heal wounds {unknown}
 l - a potion of cancellation {unknown}

Dungeon Overview and Level Annotations

Branches:
Dungeon (4/15)
 Temple: D:4-7

Altars:
Cheibriados
Dithmenos
Gozag
Makhleb
Qazlal
Uskayaw
The Shining One


Message History

The arrow hits the hobgoblin.
You kill the hobgoblin!
You shoot an arrow.
The arrow completely misses the hobgoblin.
You shoot an arrow. The arrow hits the hobgoblin.
The hobgoblin is severely wounded.
You shoot an arrow. The arrow hits the hobgoblin!
You kill the hobgoblin!
You now have 212 gold pieces (gained 13).
Things that are here:
a +0 mace; a hobgoblin corpse An orc comes into view.
It is wielding a +0 dagger.
Enter note:
Enter note:
Enter note:
Enter note: You shoot an arrow.
The arrow hits the orc.
The orc is moderately wounded.
You shoot an arrow. The arrow hits the orc!
You kill the orc!
o - 3 scrolls labelled UNGEOLISTRU You see here a +0 dagger.
Found an opulent altar of Gozag.
An ogre comes into view. It is wielding a +0 giant club.
The ogre shouts!
Enter note: You shoot an arrow.
The arrow hits the ogre!
The ogre is moderately wounded.
The ogre closely misses you.
You shoot an arrow. The arrow hits the ogre!
The ogre is heavily wounded.
The ogre hits you with a +0 giant club!
You shoot an arrow. The arrow hits the ogre.
The ogre is severely wounded.
You shoot an arrow. The arrow barely misses the ogre.
The ogre hits you with a +0 giant club!!
You shoot an arrow. The arrow hits the ogre.
The ogre is severely wounded.
The ogre hits you with a +0 giant club!
You die...

.####.## ###.###
## ##.####..#####
.## #.......##..#
..####....#.....##
...##......##..##
#...).........##
###........###.##
##......## ##.##
##....## ##@#
#%..## #O## .####
#.# # ..# .## #


You could see an ogre.

Vanquished Creatures
  Grinder (D:3)
  A hound (D:4)
  An orc priest (D:4)
  Jessica (D:3)
  A sleepcap (D:3)
  An iguana (D:4)
  An orc wizard (D:3)
  A mummy (D:4)
  4 adders
  A worm (D:3)
  3 dart slugs
  14 orcs
  4 bats
  3 endoplasms
  7 giant cockroaches
  9 goblins
  7 hobgoblins
  2 quokkas
  9 ball pythons
  A frilled lizard (D:3)
  7 kobolds
  3 rats
82 creatures vanquished.

Notes
Turn   | Place    | Note
-------+----------+-------------------------------------------
     0 | D:1      | qw the Gargoyle Hunter began the quest for the Orb.
     0 | D:1      | Reached XP level 1. HP: 12/12 MP: 1/1
     0 | D:1      | 0 ||| qw: Version: 0.3-a-76-g4403597
     0 | D:1      | 0 ||| qw: Game counter: 359
     0 | D:1      | 0 ||| qw: Melee chars always use a shield: true
     0 | D:1      | 0 ||| qw: God list: Okawaru
     0 | D:1      | 0 ||| qw: Allow faded altars: false
     0 | D:1      | 0 ||| qw: Do Orc after clearing Dungeon:15 true
     0 | D:1      | 0 ||| qw: Do second Lair branch before Depths: true
     0 | D:1      | 0 ||| qw: Lair rune preference: random
     0 | D:1      | 0 ||| qw: Goals: Normal
     0 | D:1      | 0 ||| PLANNING D:1-11
    55 | D:1      | 55 ||| RETREATING.
    57 | D:1      | 57 ||| Stepping ~*~*~tactically~*~*~ (retreating).
    75 | D:1      | Reached XP level 2. HP: 11/17 MP: 2/2
   437 | D:1      | 437 ||| UPGRADING to +0 ring mail.
   447 | D:1      | 447 ||| DROPPING +0 leather armour.
   448 | D:1      | 448 ||| UPGRADING to +0 pair of boots.
   453 | D:1      | 453 ||| DROPPING +6 ring of intelligence.
   454 | D:1      | 454 ||| READING scroll labelled CUSHRO YSELEAD.
   458 | D:1      | 458 ||| READING scroll labelled FIOLUTAERI.
   459 | D:1      | 459 ||| READING scroll labelled URIRISTETA.
   460 | D:1      | 460 ||| DRINKING 2 murky yellow potions.
   460 | D:1      | Gained mutation: You are weak. (Str -2) [potion of
                  | mutation]
   460 | D:1      | Gained mutation: Armour fits poorly on your strangely
                  | shaped body. [potion of mutation]
   461 | D:1      | 461 ||| DROPPING scroll of butterflies.
   566 | D:2      | Reached skill level 1 in Armour
   573 | D:2      | Reached XP level 3. HP: 21/21 MP: 3/3
   845 | D:2      | Reached skill level 5 in Ranged Weapons
   853 | D:2      | 853 ||| FLEEEEING.
   854 | D:2      | 854 ||| FLEEEEING.
  1043 | D:2      | 1043 ||| READING scroll labelled QUSECO LOEKK.
  1044 | D:2      | 1044 ||| READING scroll labelled QYZUTUITAS.
  1241 | D:3      | 1241 ||| FLEEEEING.
  1242 | D:3      | 1242 ||| FLEEEEING.
  1243 | D:3      | 1243 ||| FLEEEEING.
  1244 | D:3      | 1244 ||| FLEEEEING.
  1245 | D:3      | 1245 ||| STAIRDANCE
  1259 | D:2      | 1259 ||| READING scroll labelled QEMOKLISYDGH.
  1262 | D:3      | 1262 ||| STAIRDANCE
  1274 | D:2      | Reached XP level 4. HP: 27/27 MP: 4/4
  1281 | D:3      | Reached skill level 3 in Fighting
  1281 | D:3      | 1281 ||| STAIRDANCE
  1521 | D:3      | Noticed Jessica
  1528 | D:3      | Killed Jessica
  1529 | D:3      | Reached XP level 5. HP: 27/32 MP: 5/5
  1623 | D:3      | HP: 8/32 [worm (9)]
  1624 | D:3      | 1624 ||| READING scroll of teleportation.
  1725 | D:3      | Reached skill level 6 in Ranged Weapons
  1815 | D:3      | Found a burning altar of Makhleb.
  1961 | D:3      | Found a glowing golden altar of the Shining One.
  1961 | D:3      | Noticed Grinder
  2221 | D:3      | 2221 ||| UPGRADING to +0 helmet.
  2226 | D:3      | 2226 ||| READING scroll labelled HAPYNUR WIUM.
  2227 | D:3      | 2227 ||| READING scroll labelled OSEINA INITYNT.
  2228 | D:3      | 2228 ||| DRINKING 2 white potions.
  2229 | D:3      | 2229 ||| DROPPING potion of brilliance.
  2248 | D:3      | Killed Grinder
  2249 | D:3      | Reached XP level 6. HP: 32/40 MP: 6/6
  2291 | D:4      | Noticed a +0 dagger
  2291 | D:4      | Noticed a +0 hand axe
  2291 | D:4      | Found a hide-covered altar of Uskayaw.
  2302 | D:4      | Found a snail-covered altar of Cheibriados.
  2535 | D:4      | Reached XP level 7. HP: 27/44 MP: 7/7
  2599 | D:4      | Found a shadowy altar of Dithmenos.
  2922 | D:4      | Found a stormy altar of Qazlal.
  3233 | D:4      | Found an opulent altar of Gozag.
  3354 | D:4      | HP: 11/44 [ogre/+0 giant club (21)]
  3355 | D:4      | Slain by an ogre

Levels and vault maps discovered:
D:1:      dpeg_arrival_simpleton_b, layout_rooms, minmay_tiny_reverse_x
D:2:      layout_loops_cross, minmay_goblin_outpost
D:3:      layout_basic, bloody_makhleb, tso_metal_star, hellmonk_no_cap,
          uniq_grinder, uniq_jessica
D:4:      layout_layer_cave, dancing_weapons_uskayaw,
          lemuel_coloured_pillars_altar, grunt_qazlal_sundering, slow_altar_1,
          mainiacjoe_overflow_tiny_flanked, saegor_snake_ambush,
          uniq_blork_the_orc

Skill      XL: |  1  2  3  4  5 |
---------------+----------------+-----
Armour         | 1 |  1.0
Ranged Weapons | 5 6 |  6.7
Fighting       | 3 5 |  5.6
Dodging        | |  1.5
Stealth        | |  1.1

Action                     |  1- 3 |  4- 6 |  7- 9 || total
---------------------------+-------+-------+-------++-------
   Fire: Shortbow          |   124 |   128 |    34 ||   286
    Use: Scroll            |     6 |     3 |       ||     9
         Potion            |     1 |     1 |       ||     2
 Armour: Leather armour    |    20 |       |       ||    20
         Ring mail         |    22 |    44 |     8 ||    74
  Dodge: Dodged            |    49 |    29 |     5 ||    83

Table legend:
 A = Non-vault XP
 B = Vault XP
 C = Vault XP percentage of total XP
 D = Non-vault monster count
 E = Vault monster count
 F = Vault count percentage of total count
                 A         B        C        D         E       F
            +---------+---------+-------+---------+---------+-------
      Total |     331 |     384 |  53.7 |      67 |      15 |  18.3
            +---------+---------+-------+---------+---------+-------
        D:1 |      20 |       3 |  13.0 |      11 |       2 |  15.4
        D:2 |      29 |      14 |  32.6 |      16 |       7 |  30.4
        D:3 |     118 |     348 |  74.7 |      24 |       4 |  14.3
        D:4 |     164 |      19 |  10.4 |      16 |       2 |  11.1
            +---------+---------+-------+---------+---------+-------
